 Dungeon Crawl Stone Soup version 0.19.0 (webtiles) character file.

167 Danakh the Skirmisher (level 5, 47/47 HPs)
             Began as a Minotaur Fighter on Nov 6, 2016.
             Got out of the dungeon alive.
             The game lasted 00:06:40 (1691 turns).

Danakh the Skirmisher (Minotaur Fighter)            Turns: 1691, Time: 00:06:40

Health: 47/47      AC: 10    Str: 22    XL:     5   Next: 23%
Magic:  4/4        EV:  5    Int:  5    God:
Gold:   109        SH:  9    Dex:  9    Spells: 0 memorised, 4 levels left

rFire  . . .     SeeInvis .     a - +0 war axe
rCold  . . .     Gourm    .     i - +0 chain mail
rNeg   . . .     Faith    .     c - +0 shield
rPois  .         Spirit   .     (helmet restricted)
rElec  .         Reflect  .     s - +0 cloak
rCorr  .         Harm     .     (no gloves)
MR     .....                    (no boots)
Stlth  ..........               (no amulet)
                                (no ring)
                                v - ring of loudness (curse)

@: no status effects
A: retaliatory headbutt, horns 2
a: no special abilities


You escaped.
You were not hungry.

You visited 1 branch of the dungeon, and saw 3 of its levels.

You collected 109 gold pieces.

Inventory:

Hand Weapons
 a - a +0 war axe (weapon)
Armour
 b - a +0 scale mail
 c - a +0 shield (worn)
 i - a +0 chain mail (worn)
 s - a +0 cloak (worn)
Jewellery
 v - a cursed ring of loudness (left hand)
Scrolls
 e - a scroll of random uselessness {unknown}
 h - a scroll of remove curse {unknown}
 k - 3 scrolls of identify {unknown}
 l - a scroll of enchant weapon {unknown}
 o - a scroll of teleportation {unknown}
 p - a scroll of fog {unknown}
 q - a scroll of blinking {unknown}
 u - a scroll of amnesia {unknown}
Potions
 d - a potion of might
 m - 2 potions of cure mutation {unknown}
 t - a potion of brilliance {unknown}
Books
 n - a book of Misfortune

   Spells                             Type                      Level
   a - Confusing Touch                Hexes                        1
   b - Confuse                        Hexes                        3
   c - Gell's Gravitas                Hexes/Translocation          3
   d - Petrify                        Transmutation/Earth          4
   e - Metabolic Englaciation         Hexes/Ice                    5
   f - Yara's Violent Unravelling     Hexes/Transmutation          5
Comestibles
 f - a bread ration
 g - 2 meat rations
 j - a beef jerky
 r - a chunk of flesh


   Skills:
 + Level 4.7 Fighting
 * Level 4.7 Axes
 + Level 4.2 Armour
 + Level 4.4 Shields


You had 4 spell levels left.
You didn't know any spells.

Dungeon Overview and Level Annotations

Branches:
Dungeon (3/15)

Altars:


Innate Abilities, Weirdness & Mutations

You reflexively headbutt those who attack you in melee.
You have a pair of horns on your head.


Message History

The frilled lizard bites you but does no damage.
Your shield prevents you from hitting the frilled lizard.
You headbutt the frilled lizard.
You kill the frilled lizard!
No target in view!
Some of the chunks of flesh in your inventory have rotted away.
Found a dagger.
You see here a dagger.
Done exploring.
You see here a dagger.
There is a stone staircase leading up here.
You climb upwards.
There is a stone staircase leading down here.
There is a stone staircase leading up here.
You climb upwards.
There is a stone staircase leading down here.
There is an open door here.
There is a staircase leading out of the dungeon here.
Are you sure you want to leave the Dungeon?
This will make you lose the game!
You have escaped!

#'#.###.###.#####.##
##...##.###.# #.#
##.....'#.##.# #.#
##.......##.#.# #.#
##.........###.#####.#
##.[.....)...##....##.#
#.............####.##.#
#.............####.##.##
#......@......#.##......
#.............#..#.##.##
#.............#....##.#
#'...........##....##.#
###.........##..#####.#
##.......##..## #.#
##.....##..## #.##
###.#'##..# #...
#.#.##..# #..#


There were no monsters in sight!

Vanquished Creatures
  The ghost of gudram the Chopper, an amateur HOFi (D:3)
  2 adders (D:2)
  2 worms (D:2)
  A dart slug (D:3)
  6 bats
  6 giant cockroaches
  5 goblins
  4 hobgoblins
  8 jackals
  2 quokkas
  A ball python (D:3)
  4 frilled lizards
  4 kobolds
  7 rats
53 creatures vanquished.

Notes
Turn   | Place    | Note
-------+----------+-------------------------------------------
     0 | D:1      | Danakh the Minotaur Fighter began the quest for the Orb.
     0 | D:1      | Reached XP level 1. HP: 19/19 MP: 0/0
   473 | D:1      | Reached XP level 2. HP: 27/27 MP: 1/1
   586 | D:2      | Reached XP level 3. HP: 20/33 MP: 2/2
  1086 | D:3      | Noticed gudram's ghost (amateur HOFi)
  1374 | D:3      | Reached XP level 4. HP: 40/40 MP: 3/3
  1436 | D:3      | Killed gudram's ghost
  1436 | D:3      | Reached XP level 5. HP: 34/47 MP: 4/4
  1691 | D:$      | Got out of the dungeon alive.

Skill      XL: |  1  2  3  4 |
---------------+-------------+-----
Fighting       | 4 |  4.7
Axes           | 3 4 |  4.7
Shields        | 4 |  4.4
Armour         | 4 |  4.2

Action                   |  1- 3 |  4- 6 || total
-------------------------+-------+-------++-------
Melee: War axe           |   125 |    36 ||   161
       Headbutt          |    15 |     5 ||    20
  Eat: Chunk             |     1 |     2 ||     3
Armor: Scale mail        |     6 |       ||     6
       Chain mail        |    80 |    21 ||   101
Dodge: Dodged            |    24 |     5 ||    29
Block: Shield            |    73 |    14 ||    87
